[Event "Team 45 45 League T26"]
[Site "Internet Chess Club"]
[Date "2005.03.22"]
[Round "1"]
[White "smooth-moves04"]
[Black "BillyNoMates"]
[Result "1-0"]
[WhiteElo "1927"]
[BlackElo "1764"]
[TimeControl "2700+45"]

1. b4 e5 2. Bb2 d6 3. c4 f5 4. e3 Nf6 5. Nf3 Be7 6. Be2 O-O 7. O-O Nbd7 8. d4 e4
9. Nfd2 d5 10. b5 c6 11. a4 Qc7 12. h3 f4 13. exf4 Qxf4 14. cxd5 cxd5 15. Nc3
Bd6 16. g3 Qg5 17. h4 Qf5 18. Qb3 Kh8 19. Nd1 Ng4 20. Bxg4 Qxg4 21. Ne3 Qh3 22.
Qxd5 Bxg3 23. fxg3 Nf6 24. Nxe4 Be6 25. Qe5 Nxe4 26. Qxe4 Qxg3+ 27. Ng2 Rxf1+
28. Rxf1 Bh3 29. Qf3 {Black resigns} 1-0

[Event "Team 45 45 League T26"]
[Site "Internet Chess Club"]
[Date "2005.03.19"]
[Round "1"]
[White "Justchess"]
[Black "donking"]
[Result "0-1"]
[WhiteElo "1650"]
[BlackElo "1804"]
[TimeControl "2700+45"]

1. e4 e5 2. Nf3 Nf6 3. Nxe5 d6 4. Nf3 Nxe4 5. Qe2 Qe7 6. d3 Nc5 7. Nc3 Be6 8.
Bg5 f6 9. Bh4 g5 10. Bg3 Bg7 11. Nd4 Bd7 12. Qxe7+ Kxe7 13. Nd5+ Kd8 14. f3 f5
15. Bf2 c6 16. Nc3 a5 17. O-O-O Re8 18. g3 h5 19. Nde2 Nba6 20. d4 Ne6 21. d5
Nec5 22. dxc6 Bxc6 23. Nd5 Bxd5 24. Rxd5 Be5 25. Nd4 Nb4 26. Rxc5 dxc5 27. Nxf5
b6 28. a3 Nc6 29. Bb5 Kc7 30. Ng7 Bxg7 {White resigns} 0-1

[Event "Team 45 45 League T26"]
[Site "Internet Chess Club"]
[Date "2005.03.17"]
[Round "1"]
[White "PostMike"]
[Black "allanchs"]
[Result "0-1"]
[WhiteElo "1567"]
[BlackElo "1617"]
[TimeControl "2700+45"]

1. e4 e5 2. Nf3 Nc6 3. Bc4 Bc5 4. c3 Nf6 5. d3 d6 6. b4 Bb6 7. O-O O-O 8. Nbd2
Be6 9. Re1 Re8 10. Qb3 d5 11. exd5 Bxd5 12. b5 Na5 13. Qc2 Nxc4 14. Nxc4 Bxf3
15. Nxb6 axb6 16. gxf3 h6 17. c4 Qd7 18. Re3 Nh5 19. Bb2 f6 20. Kh1 Nf4 21. a3
Rad8 22. Rd1 Qf5 23. Re4 Qh3 24. Rxf4 exf4 25. c5 Qxf3+ 26. Kg1 Re2 27. Qb3+ Kh8
28. Rf1 bxc5 29. Bxf6 gxf6 30. Qf7 Rg8+ {White resigns} 0-1

[Event "Team 45 45 League T26"]
[Site "Internet Chess Club"]
[Date "2005.03.20"]
[Round "1"]
[White "TheBrewer"]
[Black "Eatfatty"]
[Result "1-0"]
[WhiteElo "1580"]
[BlackElo "1559"]
[TimeControl "2700+45"]

1. d4 d5 2. Nf3 Nf6 3. e3 Bf5 4. c4 e6 5. Qb3 b6 6. Nc3 dxc4 7. Bxc4 Be7 8. O-O
O-O 9. Ne5 Ne4 10. g4 Nxc3 11. gxf5 exf5 12. bxc3 Qe8 13. Ba3 Bxa3 14. Qxa3 Nc6
15. Bb5 Qe7 16. Qxe7 Nxe7 17. Bc4 Rad8 18. Rab1 c6 19. Bb3 Rd6 20. Kg2 Ng6 21.
Nxg6 Rxg6+ 22. Kh1 Re8 23. Rbe1 Re4 24. Rg1 Rh6 25. Bc2 Reh4 26. Rg2 g6 27. Bxf5
Kf8 28. Bc2 Ke7 29. Bd1 f5 30. Bf3 Kd6 31. Rd1 c5 32. dxc5+ Kxc5 33. Rd4 Rh3 34.
Be2 Kc6 35. Rc4+ Kd6 36. a4 R3h4 37. Rxh4 Rxh4 38. c4 Kc5 39. Rg1 Kb4 40. Rd1
Kxa4 41. Rd4 g5 42. Rxh4 gxh4 43. Bd3 Kb4 44. f3 a5 45. e4 fxe4 46. fxe4 a4 47.
e5 a3 48. Bb1 Kb3 49. e6 Kb2 50. e7 Kxb1 51. e8=Q a2 52. Qe1+ Kb2 53. Qd2+ Kb1
54. Qb4+ Kc2 55. Qa4+ Kb2 56. Qb4+ Kc2 57. Qa3 Kb1 58. Qb3+ Ka1 59. Qxb6 h5 60.
Qa5 Kb1 61. Qxa2+ {Black resigns} 1-0

[Event "Team 45 45 League T26"]
[Site "Internet Chess Club"]
[Date "2005.03.19"]
[Round "1"]
[White "fernbap"]
[Black "Joyoyo"]
[Result "1/2-1/2"]
[WhiteElo "1747"]
[BlackElo "1696"]
[TimeControl "2700+45"]

1. Nf3 Nf6 2. c4 g6 3. d4 Bg7 4. Nc3 d5 5. Qb3 dxc4 6. Qxc4 b6 7. e4 Ba6 8. Qa4+
Qd7 9. Bxa6 Qxa4 10. Bb5+ Qxb5 11. Nxb5 Kd8 12. Bf4 Na6 13. Ne5 Rf8 14. Nxa7 Nb4
15. Nac6+ Nxc6 16. Nxc6+ Kd7 17. Ne5+ Kc8 18. O-O Nxe4 19. Nc6 g5 20. Rfe1 gxf4
21. Rxe4 e6 22. Rxf4 Kd7 23. Ne5+ Ke7 24. Re4 Ra4 25. Rc1 Bxe5 26. Rxe5 Rxd4 27.
Rh5 Rfd8 28. Kf1 Rd1+ 29. Rxd1 Rxd1+ 30. Ke2 Rb1 31. Rb5 Kd6 32. f4 f5 33. Rb3
h5 34. Rd3+ Kc5 35. Rc3+ Kd6 36. Rc2 Rg1 37. Kf2 Rd1 38. Kg3 Rd4 39. Re2 c5 40.
Kf3 Rd3+ 41. Kf2 h4 42. Rc2 e5 43. fxe5+ Kxe5 44. Ke2 Rd4 45. b3 Rg4 46. Kf3
Rf4+ 47. Ke3 Re4+ 48. Kf3 Re1 49. Kf2 Rh1 50. h3 Rd1 51. Ke2 Rd4 52. Rc3 f4 53.
a4 Rb4 54. a5 bxa5 55. Rxc5+ Kf6 56. Rxa5 Rxb3 57. Rh5 Rg3 58. Kf2 Kg6 59. Rxh4
Kg5 60. Rh8 Kf5 61. Rf8+ Ke5 62. Re8+ Kf5 63. Rf8+ Ke5 64. h4 Rg4 65. h5 Rh4 66.
Rh8 Kf5 67. Kf3 Rh1 68. h6 Rf1+ 69. Ke2 Rh1 70. Kf2 Kg6 71. h7 Rh4 72. Kf3 Kg7
73. Rg8+ Kxh7 74. Rg4 Rh1 75. Rxf4 Rf1+ 76. Kg4 Ra1 77. Kg5 Kg7 78. Rf5 Ra6 79.
g4 Rg6+ 80. Kf4 Ra6 81. Rb5 Rf6+ 82. Rf5 Rxf5+ 83. Kxf5 Kf7 84. g5 Kg7 85. g6
Kg8 86. Kf6 Kf8 {Game drawn by mutual agreement} 1/2-1/2

[Event "Team 45 45 League T26"]
[Site "Internet Chess Club"]
[Date "2005.03.19"]
[Round "1"]
[White "Kaseirovski"]
[Black "kevinfons"]
[Result "1-0"]
[WhiteElo "1550"]
[BlackElo "1479"]
[TimeControl "2700+45"]

1. c4 c5 2. g3 Nc6 3. Bg2 e6 4. Nc3 Nf6 5. e4 d6 6. Nge2 Be7 7. O-O O-O 8. d3 a6
9. Be3 e5 10. Nd5 Nxd5 11. cxd5 Nd4 12. Nxd4 cxd4 13. Bd2 Bd7 14. Rc1 Rc8 15. f4
Rxc1 16. Bxc1 Qc7 17. fxe5 dxe5 18. Rf2 Rc8 19. Bd2 Qc2 20. Qf3 f6 21. Bb4 Qb1+
22. Rf1 Qxf1+ 23. Qxf1 Bxb4 24. Bh3 Bxh3 25. Qxh3 Rc1+ 26. Kf2 Be1+ {Black
resigns} 1-0

[Event "Team 45 45 League T26"]
[Site "Internet Chess Club"]
[Date "2005.03.20"]
[Round "1"]
[White "crankn8tr"]
[Black "RingLord"]
[Result "0-1"]
[WhiteElo "1511"]
[BlackElo "1515"]
[TimeControl "2700+45"]

1. e4 c5 2. Nf3 e6 3. d4 cxd4 4. Nxd4 Nf6 5. Nc3 d6 6. Be3 Be7 7. f3 a6 8. Qd2
O-O 9. a4 Nc6 10. Nxc6 bxc6 11. a5 Rb8 12. Bb6 Qe8 13. O-O-O d5 14. g4 Nd7 15.
Na4 Bd8 16. Bc5 Be7 17. Bb6 Bd8 18. Bc5 Nxc5 19. Nxc5 Qe7 20. Qc3 Qd6 21. e5
Bg5+ 22. Kb1 Qc7 23. Bxa6 Ra8 24. Bxc8 Rfxc8 25. b4 Rcb8 26. Ka2 Be7 27. Rb1 Qa7
28. Rb3 Bxc5 29. Qxc5 Qxc5 30. bxc5 Rxa5+ 31. Kb2 Rxb3+ 32. cxb3 Rxc5 33. Rc1
Rxc1 34. Kxc1 Kf8 35. Kd2 Ke7 36. g5 Kd7 37. b4 Kc7 38. Kd3 Kb6 39. Kc3 Kb5 40.
h4 d4+ 41. Kxd4 Kxb4 42. h5 c5+ 43. Kd3 Kb3 44. f4 c4+ 45. Kd4 c3 46. g6 hxg6
47. hxg6 fxg6 48. f5 gxf5 {White resigns} 0-1

[Event "Team 45 45 League T26"]
[Site "Internet Chess Club"]
[Date "2005.03.21"]
[Round "1"]
[White "MrAnderssen"]
[Black "BenjaminSisko"]
[Result "1-0"]
[WhiteElo "1668"]
[BlackElo "1632"]
[TimeControl "2700+45"]

1. e4 e5 2. Nf3 Nc6 3. d4 exd4 4. c3 d5 5. exd5 Qxd5 6. cxd4 Nf6 7. Be2 Bb4+ 8.
Nc3 O-O 9. O-O Bxc3 10. bxc3 Be6 11. c4 {Black resigns} 1-0

[Event "Team 45 45 League T26"]
[Site "Internet Chess Club"]
[Date "2005.03.21"]
[Round "1"]
[White "Pilgrim"]
[Black "Thersites"]
[Result "0-1"]
[WhiteElo "1595"]
[BlackElo "1654"]
[TimeControl "2700+45"]

1. e4 c5 2. Nf3 e6 3. d4 cxd4 4. Nxd4 Nc6 5. Be3 a6 6. c3 Nge7 7. Nd2 d5 8. Nxc6
bxc6 9. Qc2 Ng6 10. Be2 Bd6 11. exd5 cxd5 12. Rd1 Qc7 13. g3 Bb7 14. O-O h5 15.
h4 Bxg3 16. Bg5 Bxh4 17. f4 Bxg5 18. fxg5 Qg3+ 19. Kh1 O-O 20. Bf3 Qh4+ 21. Kg1
Qxg5+ 22. Bg2 Nf4 23. Nf3 Qxg2+ 24. Qxg2 Nxg2 25. Kxg2 Rfe8 26. Nd4 g6 27. Rf6
Kg7 28. Rdf1 Re7 29. Kg3 e5 30. Nc6 Bxc6 31. Rxc6 Re6 32. Rc7 Rf6 33. Rd1 Rd6
34. c4 d4 35. c5 Re6 36. Rf1 Rf6 37. Rd1 a5 38. Rd7 Rc8 39. Rd5 Rfc6 40. Rc1 d3
41. Rxe5 d2 42. Rd1 Rxc5 43. Rxc5 Rxc5 44. Rxd2 g5 45. b3 Kg6 46. Rd3 Rf5 47. a3
h4+ 48. Kg2 g4 49. b4 axb4 50. axb4 Rb5 51. Rd4 f5 52. Rc4 Kg5 53. Kg1 Kf6 54.
Kg2 Ke5 55. Kg1 Kd5 56. Rf4 Kc6 57. Rc4+ Kb6 58. Rf4 Re5 59. Kf2 Kb5 60. Kf1 h3
61. Kf2 Kc6 62. Rc4+ Kd6 63. Rf4 Ke6 64. Rc4 Rb5 65. Kg3 Ke5 66. Kf2 f4 67. Kg1
g3 68. Rc8 Rxb4 69. Re8+ Kd4 70. Rd8+ Ke3 71. Re8+ Kf3 72. Re1 Rb2 73. Rf1+ Rf2
74. Rb1 Re2 75. Rb3+ Re3 76. Rb1 h2+ 77. Kh1 Kg4 78. Rf1 Kh3 {White resigns} 0-1

[Event "Team 45 45 League T26"]
[Site "Internet Chess Club"]
[Date "2005.03.20"]
[Round "1"]
[White "dougmo"]
[Black "Smart"]
[Result "1/2-1/2"]
[WhiteElo "1560"]
[BlackElo "1585"]
[TimeControl "2700+45"]

1. e4 c5 2. d4 cxd4 3. c3 dxc3 4. Nxc3 Nc6 5. Nf3 e6 6. Bc4 d6 7. O-O a6 8. Qe2
Be7 9. Rd1 Qc7 10. Bf4 Ne5 11. Nxe5 dxe5 12. Be3 Nf6 13. Rac1 O-O 14. a4 Bb4 15.
Bxe6 Bxe6 16. Nd5 Qa5 17. Nxf6+ gxf6 18. Qf3 Be7 19. Bh6 Kh8 20. Bxf8 Rxf8 21.
b3 Rd8 22. Rxd8+ Qxd8 23. h3 Qb6 24. Qd3 Bc5 25. Qd2 Qd6 26. Qc2 Bb6 27. Rd1 Qb4
28. Rb1 a5 29. Qe2 Bd4 30. Qf3 Qe7 31. Rc1 Bc5 32. Rxc5 Qxc5 33. Qxf6+ Kg8 34.
Qd8+ Qf8 35. Qg5+ Kh8 36. Qf6+ Qg7 37. Qd8+ Qg8 38. Qf6+ Qg7 39. Qd8+ Qg8 40.
Qf6+ Qg7 41. Qd8+ Qg8 42. Qf6+ Qg7 43. Qd8+ {Game drawn by repetition} 1/2-1/2

[Event "Team 45 45 League T26"]
[Site "Internet Chess Club"]
[Date "2005.03.19"]
[Round "1"]
[White "phardy"]
[Black "Two-DogMan"]
[Result "0-1"]
[WhiteElo "1424"]
[BlackElo "1420"]
[TimeControl "2700+45"]

1. e4 e5 2. Nf3 d6 3. d4 exd4 4. Nxd4 Bd7 5. Bc4 Nf6 6. Nc3 Be7 7. O-O a6 8. a4
Nc6 9. Be3 O-O 10. Qd2 Nxd4 11. Bxd4 Be6 12. Bxe6 fxe6 13. f4 e5 14. Be3 c6 15.
a5 Nd7 16. Qe2 exf4 17. Bxf4 Kh8 18. Kh1 Ne5 19. b4 Bf6 20. Rad1 b6 21. axb6
Qxb6 22. Rxd6 Qxb4 23. Rxc6 Nxc6 24. Nd5 Qb5 25. c4 Qb7 26. Bd6 Rf7 27. Qd3 Ne5
28. Qc2 Rd8 29. Rb1 Qc6 {White resigns} 0-1

[Event "Team 45 45 League T26"]
[Site "Internet Chess Club"]
[Date "2005.03.20"]
[Round "1"]
[White "Edinburgh"]
[Black "rayngrant"]
[Result "1/2-1/2"]
[WhiteElo "1635"]
[BlackElo "1686"]
[TimeControl "2700+45"]

1. e4 e5 2. Nf3 Nc6 3. d4 exd4 4. Nxd4 Bc5 5. Nxc6 Qf6 6. Qd2 Qxc6 7. Bd3 Nf6 8.
O-O O-O 9. e5 Ne4 10. Qf4 f5 11. exf6 Nxf6 12. Qh4 b6 13. Nd2 Bb7 14. Nf3 Ne4
15. Bxe4 Qxe4 16. Qxe4 Bxe4 17. Ne5 Rad8 18. Bg5 Rde8 19. Nxd7 Rf5 20. Nxc5 Rxc5
21. Be3 Rxc2 22. b3 c5 23. Rfc1 Rd8 24. Rxc2 Bxc2 25. Kf1 Kf7 26. Ke1 Ke6 27.
Rc1 Be4 28. g3 Rd7 29. Rd1 Rxd1+ 30. Kxd1 Kd5 31. Kd2 a5 32. Kc3 b5 33. a3 Bf3
34. h4 h5 35. Bg5 a4 36. bxa4 bxa4 37. Be3 g6 38. Bg5 c4 39. Be3 {Game drawn by
mutual agreement} 1/2-1/2

[Event "Team 45 45 League T26"]
[Site "Internet Chess Club"]
[Date "2005.03.17"]
[Round "1"]
[White "crapalot"]
[Black "KaissaXiaolin"]
[Result "1-0"]
[WhiteElo "1594"]
[BlackElo "1625"]
[TimeControl "2700+45"]

1. d4 d5 2. Nf3 Nc6 3. c4 Bg4 4. e3 e6 5. Nc3 Nf6 6. Be2 a6 7. h3 Bxf3 8. Bxf3
dxc4 9. Bxc6+ bxc6 10. Qa4 Qd6 11. Qxc4 c5 12. dxc5 Qxc5 13. Qxc5 Bxc5 14. O-O
O-O-O 15. a3 Rd3 16. Rd1 Rhd8 17. Rxd3 Rxd3 18. Kf1 Rd8 19. b4 Bd6 20. Bb2 Be5
21. Rd1 Rxd1+ 22. Nxd1 Bxb2 23. Nxb2 Nd5 24. Nd3 Kb7 25. Ke2 Nc3+ 26. Kf3 Nb1
27. Ne5 f6 28. Nc4 Kc6 29. a4 Kd5 30. Nb2 Nd2+ 31. Ke2 Nc4 32. Nd3 a5 33. Nf4+
Ke5 34. bxa5 Nxa5 35. Kd3 Nb3 36. Kc3 Nc5 37. a5 g6 38. Kc4 Kd6 39. Kb5 c6+ 40.
Kc4 Na6 41. Nd3 Kc7 42. Nc5 Nxc5 43. Kxc5 e5 44. a6 e4 45. a7 Kb7 46. a8=Q+ Kxa8
47. Kxc6 Kb8 48. Kd6 Kc8 49. g4 Kd8 50. Ke6 Ke8 51. Kxf6 Kf8 52. Ke5 {Black
resigns} 1-0

[Event "Team 45 45 League T26"]
[Site "Internet Chess Club"]
[Date "2005.03.19"]
[Round "1"]
[White "Xeranox"]
[Black "Rockmaster"]
[Result "0-1"]
[WhiteElo "1537"]
[BlackElo "1525"]
[TimeControl "2700+45"]

1. d4 Nf6 2. Nf3 e6 3. c4 b6 4. Nc3 Bb4 5. Qc2 Bb7 6. a3 Bxc3+ 7. Qxc3 Ne4 8.
Qc2 O-O 9. Bf4 d6 10. e3 Nd7 11. Bd3 f5 12. O-O g5 13. Bg3 Qf6 14. h3 Rf7 15.
Nd2 Nxd2 16. Qxd2 Raf8 17. Be2 f4 18. Bh5 Rg7 19. Bh2 Qh6 20. Bg4 f3 21. d5 fxg2
22. Bxe6+ Kh8 23. Kxg2 Qxe6 24. f3 Qg6 25. Rg1 Rgf7 26. Raf1 Ne5 27. Qc3 Qf6 28.
f4 Qf5 29. Bg3 Qe4+ 30. Kh2 Qxc4 31. fxe5 Qxc3 32. bxc3 Rxf1 33. exd6 cxd6 34.
Bxd6 R8f2+ 35. Rg2 Bxd5 36. Rxf2 Rxf2+ 37. Kg3 Rf3+ {White resigns} 0-1

[Event "Team 45 45 League T26"]
[Site "Internet Chess Club"]
[Date "2005.03.18"]
[Round "1"]
[White "Gomer"]
[Black "scyther314159"]
[Result "1-0"]
[WhiteElo "1368"]
[BlackElo "1539"]
[TimeControl "2700+45"]

1. e4 e5 2. Nf3 Nc6 3. Nc3 Nf6 4. Bb5 d6 5. d4 exd4 6. Nxd4 Bd7 7. O-O g6 8. Re1
Nh5 9. Nxc6 bxc6 10. Be2 Nf6 11. f4 Be6 12. b3 Bg7 13. Rb1 O-O 14. Bf3 Nd7 15.
Bb2 Nb6 16. Qd2 Qd7 17. Rbd1 f5 18. e5 d5 19. Ne2 Rad8 20. Bd4 Qe7 21. Qa5 Rd7
22. Bc5 Qd8 23. Bxf8 Bxf8 24. Qxa7 c5 25. Rd2 c6 26. Qa5 Qb8 27. Qc3 Ra7 28. a4
c4 29. Nd4 Qc8 30. Nxe6 Qxe6 31. Qd4 {Black resigns} 1-0

[Event "Team 45 45 League T26"]
[Site "Internet Chess Club"]
[Date "2005.03.19"]
[Round "1"]
[White "Schach-Prinz"]
[Black "moreffee"]
[Result "1/2-1/2"]
[WhiteElo "1345"]
[BlackElo "1374"]
[TimeControl "2700+45"]

1. e4 c5 2. Bc4 d6 3. d3 Nf6 4. Nc3 a6 5. Nd5 e6 6. Nxf6+ Qxf6 7. Nf3 h6 8. O-O
Nc6 9. a3 e5 10. h3 Be7 11. c3 Be6 12. Qb3 O-O-O 13. Be3 Qg6 14. Bxe6+ fxe6 15.
Rab1 Rdf8 16. Nh2 Rf7 17. Qc2 Rhf8 18. b4 c4 19. dxc4 d5 20. cxd5 exd5 21. b5
Na5 22. bxa6 Qxa6 23. Rb6 Qc4 24. exd5 Bc5 25. Rbb1 Bxe3 26. fxe3 Qxd5 27. e4
Qc5+ 28. Kh1 Rxf1+ 29. Rxf1 Rxf1+ 30. Nxf1 Nc4 31. Qa4 b5 32. Qa8+ Kc7 33. Qg8
Qxa3 34. Qxg7+ Kc6 35. Qxh6+ Kb7 36. Qg7+ Kc6 37. Qf6+ Kd7 38. Qf7+ Kc6 39. Qd5+
Kb6 40. Qd8+ Kc6 41. Qc8+ Kb6 42. Qb8+ Kc6 43. Qe8+ Kb6 44. Qb8+ Kc6 45. Qe8+
Kb6 46. Qe6+ Kc7 47. Qf7+ Kc6 48. Qf6+ Kb7 49. Qf7+ Kc6 50. Qe8+ Kb6 51. Qb8+
Kc6 {Game drawn by repetition} 1/2-1/2

[Event "Team 45 45 League T26"]
[Site "Internet Chess Club"]
[Date "2005.03.17"]
[Round "1"]
[White "bigloser"]
[Black "SandiaCaveMan"]
[Result "0-1"]
[WhiteElo "1308"]
[BlackElo "1363"]
[TimeControl "2700+45"]

1. d4 Nc6 2. Nf3 d5 3. Bg5 f6 4. Bf4 g5 5. Bg3 h5 6. h3 h4 7. Bh2 Bf5 8. e3 e6
9. Nbd2 Nb4 10. Bd3 Bxd3 11. cxd3 Nxd3+ 12. Ke2 Nxb2 13. Qb3 Nc4 14. Nxc4 dxc4
15. Qxb7 Bd6 16. Qc6+ Kf7 17. Bxd6 cxd6 18. Qxc4 Ne7 19. Rhe1 Rc8 20. Qa4 Rc7
21. Kf1 Nd5 22. Rac1 Nc3 23. Qa3 Nb5 24. Qd3 Qd7 25. Rxc7 Nxc7 26. Rb1 Qc8 27.
Qa3 Qd7 28. Rb7 Rc8 29. Qxa7 Ke7 30. Qb6 Kd8 31. Rb8 Rxb8 32. Qxb8+ Qc8 33. Qb4
Qa6+ 34. Kg1 Kd7 35. a4 Nd5 36. Qb5+ Qxb5 37. axb5 Kc7 38. g3 hxg3 39. fxg3 Nxe3
40. h4 gxh4 41. gxh4 Nf5 42. Kg2 Kb6 43. Kh3 Kxb5 44. Kg4 Kc6 45. h5 Nh6+ 46.
Kf4 Kd7 47. Nh4 Ke7 48. Ke4 f5+ 49. Kf4 Kf6 50. Ng6 Nf7 51. Nf8 e5+ 52. dxe5+
dxe5+ 53. Kf3 Kg5 54. Ne6+ Kxh5 55. Nc5 Ng5+ 56. Ke3 Kg4 57. Nd3 f4+ 58. Ke2 e4
59. Nf2+ Kg3 60. Nh1+ Kg2 61. Nf2 e3 62. Nd3 Kg3 63. Ne5 Ne6 64. Nf3 Kh3 65. Ne5
Kg2 66. Nd3 Nd4+ 67. Ke1 f3 {White resigns} 0-1

[Event "Team 45 45 League T26"]
[Site "Internet Chess Club"]
[Date "2005.03.21"]
[Round "1"]
[White "Traho"]
[Black "centerpawn"]
[Result "1/2-1/2"]
[WhiteElo "1312"]
[BlackElo "1285"]
[TimeControl "2700+45"]

1. e4 e5 2. Nf3 Nf6 3. d3 Nc6 4. Nbd2 Bc5 5. h3 O-O 6. g3 d6 7. Bg2 d5 8. O-O d4
9. a3 b5 10. b4 Be7 11. Bb2 a5 12. c3 axb4 13. c4 bxc4 14. Nxc4 bxa3 15. Bxa3
Bxa3 16. Qb3 Be6 17. Rxa3 Qe7 18. Rfa1 Rxa3 19. Rxa3 Bxc4 20. dxc4 Nxe4 21. Qa2
Rd8 22. Ra8 Nc3 23. Rxd8+ Qxd8 24. Qa6 Ne7 25. Nxe5 d3 26. Nxd3 h6 27. Bf1 Qd4
28. Nf4 Ne4 29. Qa2 Nf5 30. Kh2 Nxf2 31. Qe2 Ne4 32. Bg2 Nfxg3 33. Qf3 Qxc4 34.
Nh5 Qe6 35. Nxg3 Qe5 36. Qxe4 Qxe4 37. Nxe4 f5 38. Nd2 Kf7 39. Kg3 Kf6 40. h4
Ke5 41. Nf3+ Kf6 42. Bf1 g5 43. hxg5+ hxg5 44. Nd4 Ke5 45. Nc6+ Kd6 46. Bg2 Ke6
47. Nd4+ Ke5 48. Nf3+ Kf6 49. Nd4 c5 50. Nc2 g4 51. Kf4 c4 52. Bf1 c3 53. Bd3 g3
54. Kxg3 Ke5 55. Kf3 f4 56. Be4 Kd6 57. Kxf4 Kc5 58. Ke3 Kc4 59. Ke2 Kb3 60. Kd3
Kb2 61. Kc4 Kc1 62. Kxc3 Kd1 63. Bf3+ Kc1 64. Be4 Kd1 65. Bd3 Kc1 66. Kb3 Kd1
67. Kb2 Kd2 68. Bc4 Kd1 69. Ne3+ Kd2 70. Nf1+ Ke1 71. Kc2 Kf2 72. Kd2 Kf3 73.
Kd3 Kf2 74. Kd2 Kf3 75. Bd5+ Kf2 76. Nh2 Kg3 77. Nf3 Kf4 78. Kd3 Kg3 79. Ke3 Kg4
80. Ke4 Kg3 81. Kf5 Kf2 82. Ke4 Ke2 83. Bc4+ Kf2 84. Bd3 Kg3 85. Be2 Kf2 86. Kd3
Kg3 87. Ke3 Kg2 {Game drawn by mutual agreement} 1/2-1/2

[Event "Team 45 45 League T26"]
[Site "Internet Chess Club"]
[Date "2005.03.16"]
[Round "1"]
[White "Mutaant"]
[Black "NineMilly"]
[Result "0-1"]
[WhiteElo "1208"]
[BlackElo "1205"]
[TimeControl "2700+45"]

1. e4 Nf6 2. Nc3 g6 3. Bc4 Bg7 4. d3 d6 5. Bg5 e5 6. h3 c6 7. Nf3 Nbd7 8. Bh4
Qb6 9. Qc1 Nf8 10. Ng5 Ne6 11. Na4 Qb4+ 12. Nc3 Nxg5 13. Bxg5 O-O 14. a3 Qb6 15.
Na4 Qa5+ 16. Nc3 d5 17. b4 Qc7 18. exd5 cxd5 19. Nxd5 Nxd5 20. Bxd5 e4 21. Bf4
Qc3+ 22. Ke2 exd3+ 23. cxd3 Re8+ 24. Be4 Qxa1 25. Qxa1 Bxa1 26. Rxa1 Bf5 27. f3
Rac8 28. Kd2 Bxe4 29. fxe4 Rc6 30. Be3 b6 31. Bf4 Rec8 32. Ra2 Kg7 33. Be5+ Kh6
34. Ke3 Rc2 35. Rxc2 Rxc2 36. g3 Ra2 37. Bf4+ Kh5 38. d4 Rxa3+ 39. Kf2 Ra2+ 40.
Kf3 g5 41. Bb8 a5 42. bxa5 bxa5 43. d5 a4 44. d6 Rd2 45. e5 a3 46. Ba7 a2 47.
Be3 Rd3 48. d7 a1=Q 49. e6 fxe6 {White resigns} 0-1

[Event "Team 45 45 League T26"]
[Site "Internet Chess Club"]
[Date "2005.03.17"]
[Round "1"]
[White "markev"]
[Black "fuzzface"]
[Result "0-1"]
[WhiteElo "1248"]
[BlackElo "1313"]
[TimeControl "2700+45"]

1. d4 d5 2. c4 c6 3. Nc3 Nf6 4. e3 e6 5. a3 Be7 6. Bd3 Nbd7 7. Nf3 Bd6 8. O-O h6
9. h3 O-O 10. e4 Bc7 11. e5 dxc4 12. Bxc4 Nd5 13. Ne1 Nxc3 14. bxc3 b5 15. Bd3
f5 16. f4 Bb7 17. a4 Ba5 18. Qb3 Qe7 19. Ba3 c5 20. Qxb5 Bxc3 21. Rc1 Bxd4+ 22.
Kh2 Bd5 23. Nf3 Bxf3 24. Rxf3 Rab8 25. Qc4 Nxe5 26. fxe5 Bxe5+ 27. Kh1 Kh7 28.
Bxc5 Bd6 29. Bxd6 Qxd6 30. Rd1 Qe7 31. Re1 Qh4 32. Qxe6 Qf6 33. Qxf6 Rxf6 34.
Kh2 h5 35. Re7 Kh6 36. Bxf5 Kg5 37. Rxg7+ Kh6 38. Rh7+ Kg5 39. g4 Rb2+ 40. Kg3
h4+ 41. Rxh4 Rg2+ 42. Kxg2 Kxh4 43. a5 Rd6 44. Rb3 Rd2+ 45. Kf1 Ra2 46. Rb5 Kg3
47. Rb3+ Kh4 48. Rb5 Ra3 49. Rb7 Rxa5 50. Rh7+ Kg3 51. h4 Ra1+ 52. Ke2 a5 53.
Ke3 a4 54. Kd3 a3 55. Kc3 Re1 56. Kb3 Re3+ 57. Ka2 Kf4 58. h5 Re8 59. Kxa3 Ra8+
60. Kb4 Rb8+ 61. Kc5 Rd8 62. h6 Kg5 63. Kc6 Ra8 64. Kd6 Ra6+ 65. Ke5 Ra5+ 66.
Ke6 Ra6+ 67. Kf7 Rf6+ 68. Kg7 Ra6 69. Rh8 Ra7+ 70. Kg8 Kf6 71. Rh7 Ra8+ 72. Bc8
Rxc8# {White checkmated} 0-1

[Event "Team 45 45 League T26"]
[Site "Internet Chess Club"]
[Date "2005.03.20"]
[Round "1"]
[White "Fogbound"]
[Black "Midwest-Rook"]
[Result "1-0"]
[WhiteElo "1315"]
[BlackElo "1229"]
[TimeControl "2700+45"]

1. d4 d5 2. Nf3 Bg4 3. e3 Nf6 4. Bd3 Nc6 5. c3 h6 6. Nbd2 a6 7. O-O e6 8. Re1
Bd6 9. e4 dxe4 10. Nxe4 Nxe4 11. Bxe4 Qd7 12. Qd3 O-O-O 13. Nd2 e5 14. d5 Na7
15. f3 Bh5 16. Bf5 e4 17. Bxd7+ {Black resigns} 1-0

[Event "Team 45 45 League T26"]
[Site "Internet Chess Club"]
[Date "2005.03.19"]
[Round "1"]
[White "Tehuringa"]
[Black "SilverKnight"]
[Result "0-1"]
[WhiteElo "1216"]
[BlackElo "1313"]
[TimeControl "2700+45"]

1. e4 d6 2. d4 Nf6 3. Nc3 g6 4. Nf3 Bg7 5. Be2 O-O 6. O-O e5 7. Be3 Ng4 8. Bg5
f6 9. Bc4+ Kh8 10. Bd2 f5 11. Ng5 Nh6 12. Be6 c6 13. Ne2 f4 14. Bxc8 Qxc8 15. f3
Bf6 16. Nh3 Nd7 17. Bc3 Rf7 18. d5 cxd5 19. Qxd5 Qf8 20. Bb4 Nc5 21. Nf2 g5 22.
Nd3 b6 23. a4 Be7 24. b3 g4 25. Nxe5 dxe5 26. Qxe5+ Qg7 27. Qd5 Rd8 28. Qc4 gxf3
29. Rxf3 Qxa1+ 30. Kf2 Ng4# {White checkmated} 0-1

[Event "Team 45 45 League T26"]
[Site "Internet Chess Club"]
[Date "2005.03.27"]
[Round "1"]
[White "klt713"]
[Black "rpgrossman"]
[Result "1-0"]
[WhiteElo "1191"]
[BlackElo "1057"]
[TimeControl "2700+45"]

1. d4 Nf6 2. c4 c6 3. Nc3 d5 4. e3 Ne4 5. Nxe4 dxe4 6. Ne2 e6 7. Ng3 Bb4+ 8. Bd2
Bxd2+ 9. Qxd2 c5 10. Rd1 O-O 11. Nxe4 b6 12. dxc5 Qxd2+ 13. Rxd2 bxc5 14. Nxc5
Nc6 15. b3 Rd8 16. Rxd8+ Nxd8 17. Be2 Nb7 18. Nxb7 Bxb7 19. O-O Rd8 20. Rc1 Rd2
21. Rd1 Rxe2 22. Rd8# {Black checkmated} 1-0

[Event "Team 45 45 League T26"]
[Site "Internet Chess Club"]
[Date "2005.03.20"]
[Round "1"]
[White "tarheels"]
[Black "room-matt"]
[Result "0-1"]
[WhiteElo "1839"]
[BlackElo "1913"]
[TimeControl "2700+45"]

1. e4 e5 2. Nf3 Nc6 3. d4 exd4 4. Nxd4 Qh4 5. Qd3 Bc5 6. c3 Nf6 7. Nd2 Ng4 8. g3
Qf6 9. Qf3 Bxd4 10. cxd4 Nxd4 11. Qxg4 Nc2+ 12. Kd1 Nxa1 13. Bd3 O-O 14. b4 d6
15. Qe2 b5 16. e5 dxe5 17. Ne4 Qe6 18. Ng5 Qd5 19. Rf1 Bf5 20. Ne4 a5 21. Ke1
axb4 22. Nf6+ gxf6 23. Bxf5 Rfd8 24. Bh6 Qc4 25. f4 Qxe2+ 26. Kxe2 Rxa2+ 27. Kf3
Nb3 28. fxe5 Nd4+ 29. Kg4 fxe5 30. Kh3 b3 31. Bd3 b2 32. Bb1 Ra6 33. Bg5 Rdd6
34. Rf2 f6 35. Be3 Ra3 36. Bh6 Rb3 37. Ba2 b1=Q {White resigns} 0-1

[Event "Team 45 45 League T26"]
[Site "Internet Chess Club"]
[Date "2005.03.18"]
[Round "1"]
[White "rph"]
[Black "ardsrfc"]
[Result "0-1"]
[WhiteElo "1812"]
[BlackElo "1868"]
[TimeControl "2700+45"]

1. d4 g6 2. c4 Bg7 3. Nc3 d6 4. e4 Nd7 5. Nge2 e5 6. d5 Ne7 7. Ng3 O-O 8. Be2 f5
9. f4 exf4 10. Bxf4 fxe4 11. O-O Ne5 12. Qd2 Nf5 13. Ncxe4 Nxg3 14. Nxg3 Bf5 15.
Bh6 Qd7 16. Bxg7 Kxg7 17. Qd4 b6 18. b4 a5 19. c5 bxc5 20. bxc5 Rab8 21. Nxf5+
Rxf5 22. Bg4 Rxf1+ 23. Rxf1 Qxg4 24. Qf2 Qf5 25. Qh4 Rb1 26. Qe7+ Nf7 27. Rxb1
Qxb1+ 28. Kf2 Qxa2+ {White resigns} 0-1

[Event "Team 45 45 League T26"]
[Site "Internet Chess Club"]
[Date "2005.03.16"]
[Round "1"]
[White "chsrules88"]
[Black "chessateer"]
[Result "1/2-1/2"]
[WhiteElo "1802"]
[BlackElo "1826"]
[TimeControl "2700+45"]

1. e4 e5 2. Nf3 Nf6 3. d4 Nxe4 4. Qe2 d5 5. Nxe5 Be7 6. c4 O-O 7. Nd2 Bb4 8. a3
Bxd2+ 9. Bxd2 Nxd2 10. Qxd2 f6 11. Nf3 Re8+ 12. Be2 dxc4 13. O-O b5 14. Rfe1 Bb7
15. Qb4 a6 16. Bxc4+ Kh8 17. Rxe8+ Qxe8 18. Re1 Qd8 19. Bf7 {Game drawn by
mutual agreement} 1/2-1/2